Map: [ESL] Data-C

Players

gumiho - Winner!

  • Race: Terran Terran
  • Spawn Location: 9:00

ByuN

  • Race: Terran Terran
  • Spawn Location: 3:00

Event: TSL 9

VOD

Have the link to the VOD?

Description

Time

  • Played on: Sept. 2, 2022, 8:27 a.m.
  • Length: 13:40

All games in this series

Show
View Real Time Build Order
Export as new Build Order

gumiho Terran - Winner!

Build Orders:  

Get SALT Encoding   

  12  0:00  SCV  
  13  0:12  SCV  
  14  0:17  Supply Depot  
  14  0:24  SCV  
  15  0:38  SCV  
  15  0:39  Barracks  
  16  0:50  SCV  
  16  0:52  Refinery  
  17  1:02  SCV  
  18  1:14  SCV  
  19  1:25  Marine  
  19  1:26  Orbital Command  
  20  1:35  Command Center  
  20  1:44  Supply Depot  
  20  1:45  Marine  
  21  1:52  SCV  
  22  2:03  Marine  
  22  2:05  SCV  
  22  2:07  Factory  
  24  2:10  Refinery  
  24  2:17  SCV  
  24  2:20  Marine  
  27  2:30  SCV  
  27  2:40  Marine  
  27  2:42  SCV  
  29  2:47  Orbital Command  
  29  2:51  Hellion  
  29  2:52  Starport  
  29  2:54  SCV  
  29  2:58  Marine  
  33  3:08  SCV, Orbital Command  
  34  3:13  Hellion  
  36  3:20  Supply Depot, SCV, Marine  
  38  3:33  SCV x2  
  38  3:34  Medivac  
  42  3:36  Hellion  
  42  3:37  Marine  
  45  3:43  Supply Depot  
  45  3:45  SCV  
  45  3:46  SCV  
  46  3:59  Factory Tech Lab  
  46  4:00  SCV x2  
  46  4:02  Barracks Reactor  
  48  4:04  Viking  
  48  4:08  Command Center  
  50  4:13  SCV x2  
  50  4:16  Supply Depot  
  52  4:19  Cyclone  
  55  4:25  SCV x2  
  55  4:28  Supply Depot  
  57  4:39  Marine  
  57  4:40  Marine  
  57  4:42  Starport Reactor  
  57  4:43  SCV x2  
  56  4:52  Siege Tank  
  55  4:55  SCV x2  
  56  5:01  Engineering Bay  
  56  5:03  Engineering Bay, Marine x2  
  57  5:07  SCV x2  
  57  5:14  Bunker  
  59  5:19  Viking x2, SCV  
  59  5:20  Barracks x2  
  64  5:21  Orbital Command  
  64  5:26  Siege Tank  
  67  5:31  SCV x2  
  67  5:35  Supply Depot  
  69  5:43  SCV x2, Terran Infantry Weapons Level 1  
  69  5:44  Terran Infantry Armor Level 1  
  71  5:51  Refinery  
  71  5:54  SCV, Marine x2, Refinery  
  74  5:58  Viking  
  74  6:02  SCV x2  
  77  6:09  Viking  
  79  6:12  Barracks  
  79  6:17  Barracks  
  79  6:18  SCV x2  
  81  6:19  Marine  
  81  6:20  Barracks Tech Lab  
  81  6:21  Barracks Reactor  
  75  6:33  Viking  
  75  6:39  Viking  
  79  6:42  SCV  
  79  6:46  Marine  
  81  6:47  Missile Turret x2, Marine x2  
  81  6:49  Stimpack  
  83  6:55  SCV  
  83  6:59  Missile Turret, Marine  
  83  7:01  Marine x2  
  86  7:04  Marine x2  
  86  7:05  Marine x2  
  91  7:15  Siege Tank  
  94  7:17  Marine  
  94  7:19  Supply Depot x2, Marine  
  94  7:22  Marine  
  99  7:25  Marine  
  99  7:26  Barracks Reactor, Barracks Tech Lab  
  99  7:27  Marine  
  98  7:34  Marine  
  98  7:36  Supply Depot, Marine  
  98  7:37  Supply Depot  
  100  7:38  Armory  
  100  7:40  Marine  
  100  7:44  Combat Shield  
  101  7:45  Marine x3  
  101  7:47  Orbital Command  
  101  7:50  Medivac  
  106  7:52  Medivac, Marine  
  109  7:59  Marine x2  
  109  8:03  Marine x5  
  116  8:10  Marine  
  103  8:16  Marine x2  
  102  8:21  Marine x5  
  101  8:28  Marine  
  94  8:34  Marine x2  
  94  8:35  Siege Tank  
  94  8:39  Marine x5  
  94  8:40  Medivac  
  104  8:44  Orbital Command  
  104  8:46  Marine  
  103  8:52  Marine x2  
  105  8:56  Marine  
  105  8:57  Marine x4  
  110  9:03  Marine  
  110  9:06  Terran Infantry Weapons Level 2  
  110  9:07  Siege Tank  
  113  9:10  Marine x2  
  113  9:11  SCV  
  113  9:14  Marine x3  
  113  9:15  Terran Infantry Armor Level 2  
  117  9:27  Marine x3  
  117  9:28  Marine x2  
  119  9:32  Marine x2  
  119  9:35  Medivac  
  119  9:37  Medivac  
  125  9:44  Marine x2  
  122  9:50  Supply Depot  
  122  9:51  Supply Depot  
  121  9:53  Marine x4  
  121  9:57  Marine x2  
  121  9:58  Siege Tank  
  121  9:59  SCV  
  131  10:00  SCV  
  131  10:03  SCV  
  133  10:11  Medivac x2  
  133  10:12  Refinery, Factory  
  133  10:13  Refinery  
  137  10:17  Supply Depot  
  137  10:18  Supply Depot  
  137  10:21  Marine x2  
  137  10:23  Marine x2  
  137  10:24  Supply Depot, Marine  
  137  10:25  Marine  
  137  10:26  Marine  
  137  10:28  Marine  
  145  10:30  SCV x3  
  146  10:39  Marine x2  
  146  10:41  Marine x2  
  146  10:42  Marine  
  151  10:43  Viking x2  
  151  10:44  Marine  
  156  10:54  Command Center  
  156  10:56  Marine x2  
  157  10:57  Marine  
  157  10:59  Marine  
  157  11:02  Factory Tech Lab  
  159  11:05  Marine  
  159  11:06  Marine  
  159  11:07  Sensor Tower  
  163  11:13  SCV x3  
  166  11:25  Liberator x2, SCV x3  
  172  11:37  SCV  
  173  11:40  Supply Depot  
  173  11:41  Siege Tank  
  173  11:44  Siege Tank  
  179  11:54  Marine  
  179  11:55  Marine x2  
  182  12:13  Siege Tank  
  175  12:16  Siege Tank  
  175  12:20  Planetary Fortress  
  175  12:22  Marine x6  
  182  12:23  Marine  
  182  12:24  Marine  
  186  12:40  Marine x5  
  186  12:41  Marine x3  
  194  12:47  Command Center  
  194  12:57  Marine  
  187  13:08  Marine  
  187  13:10  Marine x4  
  177  13:15  Marine  
  177  13:16  Marine  
  170  13:20  Marine  
Show
View Real Time Build Order
Export as new Build Order

ByuN Terran 

Build Orders:  

Get SALT Encoding   

  12  0:00  SCV  
  13  0:12  SCV  
  14  0:17  Supply Depot  
  14  0:24  SCV  
  15  0:38  SCV  
  15  0:39  Barracks  
  16  0:43  Refinery  
  16  0:50  SCV  
  16  0:53  Refinery  
  17  1:03  SCV  
  18  1:15  SCV  
  19  1:26  Reaper  
  19  1:27  Orbital Command  
  20  1:33  Supply Depot  
  20  1:43  Factory  
  20  1:52  SCV  
  21  1:58  Reaper  
  22  2:04  SCV  
  23  2:16  SCV  
  24  2:25  Command Center  
  24  2:29  Hellion  
  25  2:32  SCV  
  25  2:35  Reaper  
  27  2:43  Supply Depot  
  27  2:45  SCV  
  27  2:51  Hellion  
  30  2:57  SCV  
  31  3:03  Starport  
  31  3:09  SCV  
  32  3:15  Barracks Reactor  
  32  3:17  Factory Tech Lab  
  31  3:21  SCV  
  32  3:27  Refinery  
  32  3:35  Cyclone  
  32  3:37  SCV  
  32  3:38  Orbital Command  
  36  3:42  Starport Tech Lab  
  36  3:49  SCV  
  36  3:51  Marine x2  
  38  4:01  SCV  
  38  4:02  Raven  
  39  4:03  SCV  
  39  4:08  Cyclone  
  39  4:09  Marine x2  
  47  4:13  Supply Depot  
  47  4:14  SCV  
  47  4:15  SCV  
  49  4:26  SCV  
  49  4:28  Marine x2  
  52  4:31  SCV  
  53  4:38  SCV  
  53  4:44  SCV  
  46  4:50  SCV  
  46  4:52  Siege Tank  
  46  4:56  SCV  
  46  5:02  SCV  
  46  5:06  Marine  
  52  5:08  SCV  
  52  5:13  Stimpack  
  53  5:15  SCV  
  53  5:17  Supply Depot  
  53  5:20  SCV  
  55  5:24  Marine  
  55  5:25  Siege Tank  
  55  5:27  SCV  
  56  5:28  Medivac  
  56  5:31  Command Center  
  56  5:32  SCV  
  59  5:39  SCV  
  59  5:40  Supply Depot  
  59  5:42  Marine  
  61  5:44  SCV  
  61  5:49  Barracks x2  
  62  5:51  SCV  
  62  5:56  SCV  
  64  5:59  Siege Tank  
  64  6:00  Marine  
  64  6:01  Medivac  
  64  6:02  Medivac  
  72  6:07  SCV  
  72  6:08  SCV  
  72  6:10  Refinery  
  74  6:15  Engineering Bay  
  74  6:18  Marine  
  75  6:19  Engineering Bay  
  75  6:23  SCV x2  
  75  6:35  SCV x2, Marine  
  75  6:39  Barracks Reactor x2  
  78  6:44  Siege Tank  
  81  6:47  SCV x2, Terran Infantry Weapons Level 1  
  81  6:48  Terran Infantry Armor Level 1  
  81  6:53  Marine  
  84  6:59  Supply Depot, SCV  
  84  7:00  SCV  
  86  7:01  Supply Depot  
  86  7:02  Orbital Command  
  86  7:08  Combat Shield  
  86  7:11  SCV  
  86  7:12  SCV  
  86  7:13  Barracks  
  88  7:19  Barracks, Marine x3  
  88  7:20  Marine x2  
  93  7:24  SCV x2  
  93  7:25  Siege Tank  
  93  7:29  SCV  
  99  7:32  Supply Depot  
  99  7:36  SCV x2  
  99  7:37  Supply Depot  
  101  7:41  SCV  
  101  7:43  Marine x3  
  101  7:44  Marine x2  
  106  7:48  SCV x2  
  109  7:53  SCV  
  109  7:57  Supply Depot  
  109  7:58  Refinery  
  110  7:59  Supply Depot, Armory  
  110  8:00  SCV x2, Refinery  
  110  8:01  Barracks Reactor  
  112  8:06  SCV  
  112  8:12  SCV x2  
  115  8:15  Marine x6  
  115  8:17  Siege Tank  
  115  8:18  SCV  
  120  8:33  SCV x2, Marine x5  
  121  8:41  Marine x2  
  121  8:47  Command Center, Terran Infantry Weapons Level 2  
  123  8:49  Barracks Reactor, Siege Tank  
  123  8:50  Terran Infantry Armor Level 2  
  123  8:51  Marine x5  
  130  8:59  Marine x2  
  131  9:08  Marine  
  131  9:09  Marine x4  
  136  9:13  Medivac x2  
  140  9:21  Marine x2  
  134  9:24  Siege Tank  
  134  9:26  Marine  
  134  9:27  Marine x4  
  123  9:31  Marine  
  121  9:38  Marine x2  
  121  9:42  Marine  
  121  9:44  Marine x5  
  131  9:46  Viking  
  131  9:47  Viking  
  131  9:49  SCV x3, Marine  
  135  9:56  Siege Tank, Marine x2  
  140  10:00  Marine  
  140  10:02  SCV x3, Marine x3  
  147  10:07  Supply Depot  
  147  10:08  Marine x3  
  147  10:12  Sensor Tower  
  150  10:14  Marine x2  
  150  10:16  SCV x2  
  150  10:17  SCV  
  150  10:20  Supply Depot  
  155  10:28  SCV x2, Medivac x2  
  155  10:29  SCV  
  162  10:36  Marine  
  162  10:37  Marine  
  157  10:46  Command Center  
  157  10:48  Supply Depot x2  
  157  10:49  Supply Depot  
  152  11:01  Supply Depot x2  
  152  11:04  Medivac x2, Marine  
  152  11:07  Siege Tank  
  152  11:10  Marine x5  
  152  11:11  Marine x2  
  154  11:12  Marine  
  157  11:22  Supply Depot  
  157  11:24  Marine  
  158  11:28  Marine x5  
  163  11:34  Medivac x2  
  167  11:40  Factory  
  167  11:43  Barracks Reactor  
  167  11:47  Orbital Command  
  165  11:52  Marine x8  
  171  11:57  Siege Tank  
  174  12:10  Marine x6  
  174  12:13  Marine  
  174  12:14  Marine  
  170  12:25  Liberator x2  
  170  12:27  Marine  
  170  12:28  Marine x2  
  170  12:29  Siege Tank  
  182  12:34  Marine x4  
  186  12:42  Marine  
  186  12:43  Marine x2  
  189  12:45  Marine x2  
  189  12:51  Marine  
  172  12:52  Marine x3  
  172  12:54  Marine  
  176  13:00  Marine x2  
  176  13:01  Siege Tank, Marine  
  176  13:03  Marine x2  
  176  13:05  SCV  
  179  13:08  SCV x2  
  179  13:09  Marine  
  179  13:10  Marine x2  
  158  13:14  Marine  
  158  13:16  Marine  
  158  13:17  SCV  
  158  13:18  Marine x3  
  149  13:20  SCV x2  
  149  13:21  Marine x2  
Tags
 
Event
TSL 9
Matchup
TvT
Race
Terran
Spawn Locations
Cross Positions
Add a new tag
Caveats
  • Supply blocks, unpowered buildings, or Contaminate may cause inaccurate times.
  • Supply counts are checked every 10 seconds.